TOP OF THE 1ST |
---|
Red Deer Wranglers batting - Pitching for Balzac Rams : RHP Billy Jacobs | Pitching: RHP Billy Jacobs | | Batting: RHB Julián García | 0-0: Foul Ball, location: 2F 0-1: Ball 1-1: Called Strike 1-2: Ball 2-2: Strikes out looking | Batting: SHB Robbie Rhodes | 0-0: Foul Ball, location: 2F 0-1: Called Strike 0-2: Ground out 1-3 (Groundball, 13) | Batting: RHB Steve Burton | 0-0: Ball 1-0: Ball 2-0: Ball 3-0: Base on Balls | Batting: LHB Jorge Olvera | 0-0: 2-RUN HOME RUN (Flyball, 9D), Distance : 412 ft | Batting: RHB Pedro Cabrera | 0-0: Ball 1-0: Ball 2-0: Ball 3-0: Called Strike 3-1: Swinging Strike 3-2: Strikes out swinging | Top of the 1st over - 2 runs, 1 hit, 0 errors, 0 left on base; Red Deer 2 - Balzac 0 | BOTTOM OF THE 1ST |
---|
Balzac Rams batting - Pitching for Red Deer Wranglers : RHP Luis Costa | Pitching: RHP Luis Costa | | Batting: LHB Ryan Rheaume | 0-0: Foul Ball, location: 2F 0-1: SINGLE (Groundball, 56D) | Batting: LHB Troy Jackson | 0-0: Ball 1-0: Swinging Strike 1-1: Fly out, F7 (Flyball, 7LS) | Batting: RHB Santiago Rivera | 0-0: Ball 1-0: Fly out, F9 (Flyball, 89S) | Batting: RHB Gunner Allen | 0-0: Called Strike 0-1: Called Strike Ryan Rheaume is caught stealing 2nd base | Bottom of the 1st over - 0 runs, 1 hit, 0 errors, 0 left on base; Red Deer 2 - Balzac 0 | TOP OF THE 2ND |
---|
Red Deer Wranglers batting - Pitching for Balzac Rams : RHP Billy Jacobs | Batting: RHB Joe Lewis | 0-0: Fly out, F3 (Popup, 3SF) | Batting: RHB Xavier López | 0-0: Called Strike 0-1: Foul Ball, location: 2F 0-2: Ball 1-2: Strikes out swinging | Batting: LHB Héctor Santos | 0-0: Ball 1-0: Fly out, F9 (Flyball, 89D) | Top of the 2nd over - 0 runs, 0 hits, 0 errors, 0 left on base; Red Deer 2 - Balzac 0 | BOTTOM OF THE 2ND |
---|
Balzac Rams batting - Pitching for Red Deer Wranglers : RHP Luis Costa | Batting: RHB Gunner Allen | 0-0: Ball 1-0: Ball 2-0: Called Strike 2-1: Ball 3-1: Base on Balls | Batting: RHB Jim Martin | 0-0: Ball 1-0: Grounds into double play, 6-4-3 (Groundball, 6) | Batting: SHB Emílio Calvillo | 0-0: Ball 1-0: Ball 2-0: Called Strike 2-1: Fly out, F5 (Popup, 5L) | Bottom of the 2nd over - 0 runs, 0 hits, 0 errors, 0 left on base; Red Deer 2 - Balzac 0 | TOP OF THE 3RD |
---|
Red Deer Wranglers batting - Pitching for Balzac Rams : RHP Billy Jacobs | Batting: RHB Allen Brown | 0-0: Fly out, F3 (Popup, 34) | Batting: RHB Julián García | 0-0: Called Strike 0-1: Foul Ball, location: 2F 0-2: Ground out 4-3 (Groundball, 34) | Batting: SHB Robbie Rhodes | 0-0: Ball 1-0: Foul Ball, location: 2F 1-1: Foul Ball, location: 2F 1-2: Ball 2-2: Foul Ball, location: 2F 2-2: Ground out 4-3 (Groundball, 4) | Top of the 3rd over - 0 runs, 0 hits, 0 errors, 0 left on base; Red Deer 2 - Balzac 0 | BOTTOM OF THE 3RD |
---|
Balzac Rams batting - Pitching for Red Deer Wranglers : RHP Luis Costa | Batting: RHB Lorenzo Silva | 0-0: Called Strike 0-1: Ball 1-1: Ground out 3-1 (Groundball, 2R) | Batting: RHB Jason Ward | 0-0: Fly out, F9 (Flyball, 9LSF) | Batting: LHB Carlos Romero | 0-0: Called Strike 0-1: Swinging Strike 0-2: Strikes out swinging | Bottom of the 3rd over - 0 runs, 0 hits, 0 errors, 0 left on base; Red Deer 2 - Balzac 0 | TOP OF THE 4TH |
---|
Red Deer Wranglers batting - Pitching for Balzac Rams : RHP Billy Jacobs | Batting: RHB Steve Burton | 0-0: Ball 1-0: Swinging Strike 1-1: Swinging Strike 1-2: Ball 2-2: Strikes out swinging | Batting: LHB Jorge Olvera | 0-0: Foul Ball, location: 2F 0-1: Ball 1-1: Foul Ball, location: 2F 1-2: Foul Ball, location: 2F 1-2: Strikes out looking | Batting: RHB Pedro Cabrera | 0-0: Called Strike 0-1: Swinging Strike 0-2: Fly out, F8 (Flyball, 8RM) | Top of the 4th over - 0 runs, 0 hits, 0 errors, 0 left on base; Red Deer 2 - Balzac 0 | BOTTOM OF THE 4TH |
---|
Balzac Rams batting - Pitching for Red Deer Wranglers : RHP Luis Costa | Batting: LHB Ryan Rheaume | 0-0: Ball 1-0: Ball 2-0: Called Strike 2-1: Ball 3-1: SINGLE (Flyball, 78S) | Batting: LHB Troy Jackson | 0-0: Called Strike 0-1: Fly out, F6 (Line Drive, 6) | Batting: RHB Santiago Rivera | 0-0: 2-RUN HOME RUN (Flyball, 78XD), Distance : 426 ft | Batting: RHB Gunner Allen | 0-0: Called Strike 0-1: Ball 1-1: Fly out, F6 (Line Drive, 6) | Batting: RHB Jim Martin | 0-0: Foul Ball, location: 2F 0-1: Ball 1-1: Ground out 6-3 (Groundball, 6MS) | Bottom of the 4th over - 2 runs, 2 hits, 0 errors, 0 left on base; Red Deer 2 - Balzac 2 | TOP OF THE 5TH |
---|
Red Deer Wranglers batting - Pitching for Balzac Rams : RHP Billy Jacobs | Batting: RHB Joe Lewis | 0-0: Swinging Strike 0-1: Ball 1-1: Ball 2-1: Fly out, F9 (Flyball, 9LSF) | Batting: RHB Xavier López | 0-0: Ball 1-0: Foul Ball, location: 2F 1-1: Ball 2-1: Fly out, F9 (Flyball, 9D) | Batting: LHB Héctor Santos | 0-0: Ball 1-0: Called Strike 1-1: Foul Ball, location: 2F 1-2: Strikes out swinging | Top of the 5th over - 0 runs, 0 hits, 0 errors, 0 left on base; Red Deer 2 - Balzac 2 | BOTTOM OF THE 5TH |
---|
Balzac Rams batting - Pitching for Red Deer Wranglers : RHP Luis Costa | Batting: SHB Emílio Calvillo | 0-0: Foul Ball, location: 2F 0-1: SINGLE (Groundball, 56D) | Batting: RHB Lorenzo Silva | 0-0: Ball 1-0: Foul Ball, location: 2F 1-1: Swinging Strike 1-2: Ball 2-2: Strikes out swinging | Batting: RHB Jason Ward | 0-0: Ball 1-0: Ball Wild Pitch! Emílio Calvillo to second 2-0: Ball 3-0: Called Strike 3-1: Base on Balls | Batting: LHB Carlos Romero | 0-0: Called Strike 0-1: Called Strike 0-2: Ball 1-2: Strikes out looking | Batting: LHB Ryan Rheaume | 0-0: Swinging Strike 0-1: Ball 1-1: Ball 2-1: Swinging Strike 2-2: Fly out, F8 (Flyball, 8LM) | Bottom of the 5th over - 0 runs, 1 hit, 0 errors, 2 left on base; Red Deer 2 - Balzac 2 | TOP OF THE 6TH |
---|
Red Deer Wranglers batting - Pitching for Balzac Rams : RHP Billy Jacobs | Batting: RHB Allen Brown | 0-0: Ball 1-0: Foul Ball, location: 2F 1-1: Swinging Strike 1-2: Foul Ball, location: 2F 1-2: Foul Ball, location: 2F 1-2: Strikes out swinging | Batting: RHB Julián García | 0-0: Ball 1-0: Ball 2-0: Fly out, F8 (Flyball, 8LD) | Batting: SHB Robbie Rhodes | 0-0: Ball 1-0: Foul Ball, location: 2F 1-1: Swinging Strike 1-2: Strikes out swinging | Top of the 6th over - 0 runs, 0 hits, 0 errors, 0 left on base; Red Deer 2 - Balzac 2 | BOTTOM OF THE 6TH |
---|
Balzac Rams batting - Pitching for Red Deer Wranglers : RHP Luis Costa | Batting: LHB Troy Jackson | 0-0: Ball 1-0: Ball 2-0: Reached on error, E2 (Groundball, 2L) | Batting: RHB Santiago Rivera | 0-0: Intentional Walk | Batting: RHB Gunner Allen | 0-0: Foul Ball, location: 2F 0-1: Called Strike 0-2: Ball 1-2: Ball 2-2: Strikes out looking | Batting: RHB Jim Martin | 0-0: Foul Ball, location: 2F 0-1: Foul Ball, location: 2F 0-2: Ball 1-2: Foul Ball, location: 2F 1-2: Ball 2-2: Foul Ball, location: 2F 2-2: Strikes out swinging | Batting: SHB Emílio Calvillo | 0-0: Fly out, F5 (Popup, 56S) | Bottom of the 6th over - 0 runs, 0 hits, 1 error, 2 left on base; Red Deer 2 - Balzac 2 | TOP OF THE 7TH |
---|
Red Deer Wranglers batting - Pitching for Balzac Rams : RHP Billy Jacobs | Batting: RHB Steve Burton | 0-0: Called Strike 0-1: Ball 1-1: Called Strike 1-2: Foul Ball, location: 2F 1-2: Ball 2-2: Ball 3-2: Strikes out looking | Batting: LHB Jorge Olvera | 0-0: Swinging Strike 0-1: Ball 1-1: Called Strike 1-2: Ball 2-2: Ground out U3 (Groundball, 3) | Batting: RHB Pedro Cabrera | 0-0: Ball 1-0: Called Strike 1-1: DOUBLE (Line Drive, 9LD) | Batting: RHB Joe Lewis | 0-0: Called Strike 0-1: Swinging Strike 0-2: Strikes out swinging | Top of the 7th over - 0 runs, 1 hit, 0 errors, 1 left on base; Red Deer 2 - Balzac 2 | BOTTOM OF THE 7TH |
---|
Balzac Rams batting - Pitching for Red Deer Wranglers : RHP Luis Costa | Batting: RHB Lorenzo Silva | 0-0: Swinging Strike 0-1: Ball 1-1: Ball 2-1: Called Strike 2-2: Ball 3-2: Strikes out swinging | Batting: RHB Jason Ward | 0-0: Called Strike 0-1: Foul Ball, location: 2F 0-2: Ball 1-2: Strikes out swinging, 2-3 out at first. | Batting: LHB Carlos Romero | 0-0: SOLO HOME RUN (Flyball, 9D), Distance : 417 ft | Batting: LHB Ryan Rheaume | 0-0: Foul Ball, location: 2F 0-1: Ground out U3 (Groundball, 3) | Bottom of the 7th over - 1 run, 1 hit, 0 errors, 0 left on base; Red Deer 2 - Balzac 3 | TOP OF THE 8TH |
---|
Red Deer Wranglers batting - Pitching for Balzac Rams : RHP Billy Jacobs | Batting: RHB Xavier López | 0-0: Ball 1-0: Ball 2-0: Called Strike 2-1: SINGLE (Flyball, 78S) | Pitching: RHP Manny Guerra | | Batting: LHB Héctor Santos | 0-0: Foul Ball, location: 2F 0-1: Foul Ball, location: 2F 0-2: Strikes out looking | Batting: RHB Allen Brown | 0-0: Called Strike 0-1: Ball 1-1: Fly out, F7 (Flyball, 78D) | Batting: RHB Julián García | 0-0: Ball 1-0: Ball 2-0: Foul Ball, location: 2F 2-1: Foul Ball, location: 2F 2-2: Strikes out swinging | Top of the 8th over - 0 runs, 1 hit, 0 errors, 1 left on base; Red Deer 2 - Balzac 3 | BOTTOM OF THE 8TH |
---|
Balzac Rams batting - Pitching for Red Deer Wranglers : RHP Luis Costa | Batting: LHB Troy Jackson | 0-0: Called Strike | |
---|
| Saturday, December 16th, 2017 - OOTP Baseball 18.8 Build 76 |
|